 Dungeon Crawl Stone Soup version 0.31-a0-426-g3a05650e59 (webtiles) character file.

Game seed: 6575404577813083878

5 drugrobin the Sneak (level 1, -2/18 HPs)
             Began as a Demigod Delver on July 31, 2023.
             Slain by an orc
             ... wielding a +0 short sword
              (4 damage)
             ... on level 3 of the Dungeon.
             The game lasted 00:02:44 (492 turns).

drugrobin the Sneak (Demigod Delver)                 Turns: 492, Time: 00:02:45

Health: -2/18      AC:  3    Str: 13    XL:     1   Next: 53%
Magic:  3/3        EV: 11    Int: 12    God:
Gold:   30         SH:  0    Dex: 15    Spells: 0/0 levels left

rFire   . . .        a - +0 hand axe
rCold   . . .        (no shield)
rNeg    . . .        b - +0 leather armour
rPois   .            (no helmet)
rElec   .            (no cloak)
rCorr   .            (no gloves)
SInv    .            (no boots)
Will    .....        (no amulet)
Stlth   +++          (no ring)
HPRegen 0.23/turn    (no ring)
MPRegen 0.08/turn

%: no passive effects
@: no status effects
A: high MP 1, forlorn, divine attributes
a: no special abilities


You were on level 3 of the Dungeon.
You visited 1 branch of the dungeon, and saw 4 of its levels.

You collected 30 gold pieces.

Inventory:

Hand Weapons
 a - a +0 hand axe (weapon)
Armour
 b - a +0 leather armour (worn)
Talismans
 j - a granite talisman
Wands
 g - a wand of digging (2)
Scrolls
 c - a scroll of fog
 d - a scroll of revelation
 e - a scroll of fear
 h - a scroll of silence {unknown}
 i - a scroll of poison {unknown}
 m - a scroll of acquirement {unknown}
Potions
 f - a potion of haste
 k - a potion of attraction {unknown}
 l - a potion of curing {unknown}


   Skills:
 - Level 2.6 Fighting
 + Level 2.2 Axes
 - Level 1.7 Dodging
 - Level 4.5 Stealth


You couldn't memorise any spells.
You didn't know any spells.
Your spell library was empty.

Dungeon Overview and Level Annotations

Branches:
Dungeon (5/15)
 Temple: D:4-7

Shops:
D:3 (:

Annotations:
D:5 exclusion: water moccasin


Innate Abilities, Weirdness & Mutations

You have an increased reservoir of magic. (+10% MP)
You shall have no god before yourself.
Your divine heritage dramatically boosts your attributes as you level up.


Message History

There is a stone staircase leading up here.
A rat comes into view.
Found Nebohasina's Book Emporium.
Unknown command.
An orc comes into view. It is wielding a +0 short sword.
The rat closely misses you.
You hit the rat but do no damage. The rat bites you.
You hit the rat but do no damage. The rat closely misses you.
You hit the rat.
You kill the rat!
The helpless orc fails to defend itself.
You hit the orc but do no damage. The orc closely misses you.
You closely miss the orc. The orc closely misses you.
The orc hits you with a +0 short sword.
You barely miss the orc. The orc hits you with a +0 short sword.
You barely miss the orc. The orc hits you with a +0 short sword.
You barely miss the orc. The orc hits you with a +0 short sword.
* * * LOW HITPOINT WARNING * * *
Unknown command.
Press: ? - help, v - describe, . - travel
Here: an orc, wielding a +0 short sword and wearing a +0 leather armour The floor.
Unknown command.
Unknown command.
Unknown command.
You barely miss the orc. The orc hits you but does no damage.
Unknown command.
Unknown command.
You closely miss the orc. The orc hits you with a +0 short sword.
* * * LOW HITPOINT WARNING * * *
Unknown command.
Unknown command.
Unknown command.
Unknown command.
You hit the orc.
The orc is almost dead.
The orc hits you with a +0 short sword.
* * * LOW HITPOINT WARNING * * *
The orc hits you with a +0 short sword.
You die...

#####.#.......#
#.............#
#.............#
.
#............##
. #...........##
#......∩......##
####..........#
#..........#
#.......@o.#
#..........#
#...........#
#.###########


You could see an orc.

Vanquished Creatures
  A hobgoblin (D:2)
  A kobold (D:2)
  2 bats
  2 rats
6 creatures vanquished.

Notes
Turn   | Place    | Note
-------+----------+-------------------------------------------
     0 | D:5      | drugrobin the Demigod Delver began the quest for the Orb.
     0 | D:5      | Reached XP level 1. HP: 18/18 MP: 3/3
    18 | D:5      | Noticed a water moccasin
    93 | D:5      | Noticed a phantom
   226 | D:3      | Found Neum's Weapon Emporium.
   470 | D:3      | Found Nebohasina's Book Emporium.
   492 | D:3      | Slain by an orc

Illustrated notes

Levels and vault maps discovered:
D:2:      layout_basic, serial_shops, shop, kennysheep_generic_room_3,
          uniq_robin, uniq_crazy_yiuf_cottage
D:3:      layout_rooms, mainiacjoe_overflow_paths, serial_shops, shop_fountains,
          shop, shop, shop, grunt_decor_cap, minmay_misc_feat_pillars, uniq_ijyb
D:4:      layout_layer_cave, mainiacjoe_overflow_cross_hatched,
          ebering_ghost_sewer_f, due_unseen_surprise
D:5:      layout_basic, minmay_ruined_shrine

Skill      XL: |  1 |
---------------+----+-----
Axes           | 2 |  2.2
Fighting       | |  2.6
Dodging        | |  1.7
Stealth        | |  4.5

Action                     || total
---------------------------++-------
  Melee: Hand axe          ||    28
  Evoke: Wand              ||     1
   Stab: Sleeping          ||     2
 Armour: Leather armour    ||     8
  Dodge: Dodged            ||    11

Table legend: (Time is in decaauts)
 A = Elapsed time spent in this place.
 B = Non-inter-level travel time spent in this place.
 C = Inter-level travel time spent in this place.
 D = Time resting spent in this place.
 E = Time spent auto-exploring this place.
 F = Levels seen in this place.
 G = Mean time per level.
                   A        B        C        D        E       F      G
               +--------+--------+--------+--------+--------+-----+--------+
         Total |    496 |    453 |     43 |     36 |     64 |   4 |  124.0 |
       Dungeon |    496 |    453 |     43 |     36 |     64 |   4 |  124.0 |
               +--------+--------+--------+--------+--------+-----+--------+

Top non-repeatable levels by time:
     D:5: 205 daAuts
     D:3: 145 daAuts
     D:2: 125 daAuts
     D:4: 20 daAuts
